 Dungeon Crawl Stone Soup version 0.28.0 (webtiles) character file.

Game seed: 10333844813697064513

27710 browni3141 the Severer (level 13, -2/122 HPs)
             Began as a Minotaur Berserker on Feb 18, 2022.
             Was a High Priest of Trog.
             Killed from afar by a bog body (12 damage)
             ... with a bolt of cold
             ... on level 3 of the Lair of Beasts.
             The game lasted 00:08:35 (16446 turns).

browni3141 the Severer (Minotaur Berserker)        Turns: 16446, Time: 00:08:36

Health: -2/122     AC: 22    Str: 32    XL:     13   Next: 5%
Magic:  4/4        EV:  9    Int:  4    God:    Trog [*****.]
Gold:   854        SH:  5    Dex: 16    Spells: 12/12 levels left

rFire   . . .      SeeInvis .   R - +7 executioner's axe of Turmoil {antimagic, rElec rC- rN+ Dex+5}
rCold   x . .      Faith    .   (shield currently unavailable)
rNeg    + . .      Spirit   .   O - +1 plate armour {rPois} {@f3}
rPois   +          Reflect  +   D - +2 hat
rElec   +          Harm     .   (no cloak)
rCorr   .          Rampage  .   H - +0 pair of gloves
Will    +....                   m - +0 pair of boots
Stlth   ..........              I - amulet of reflection
HPRegen 0.30/turn               M - ring of willpower
MPRegen 0.09/turn               S - +6 ring of strength

@: very slow
A: horns 2, retaliatory headbutt
a: Renounce Religion, Berserk, Trog's Hand, Brothers in Arms


You were on level 3 of the Lair of Beasts.
You worshipped Trog.
Trog was extremely pleased with you.
You visited 2 branches of the dungeon, and saw 14 of its levels.

You collected 854 gold pieces.


Innate Abilities, Weirdness & Mutations

You have a pair of horns on your head.
You reflexively headbutt those who attack you in melee.


   Skills:
 + Level 13.6 Fighting
 * Level 18.5 Axes
 + Level 2.2 Throwing
 + Level 13.3 Armour
 - Level 2.1 Dodging
 + Level 2.0 Evocations


You had 12 spell levels left.
You didn't know any spells.
Your spell library was empty.

Inventory:

Hand Weapons
 a - a +0 hand axe
 n - a +0 battleaxe
 R - the +7 executioner's axe of Turmoil (weapon) {antimagic, rElec rC- rN+ Dex+5}
   (Trog gifted it to you on level 1 of the Lair of Beasts)

   It reduces the magical energy of the wielder, and disrupts the spells and
   magical abilities of those it strikes.
   Natural abilities and divine invocations are not affected.
   Dex:       It affects your dexterity (+5).
   rC:        It makes you vulnerable to cold.
   rElec:     It insulates you from electricity.
   rN:        It protects you from negative energy.
Missiles
 t - 8 silver boomerangs (quivered)
Armour
 b - a +0 animal skin
 m - a +0 pair of boots (worn)
 o - a +0 plate armour
 D - a +2 hat (worn)
 H - a +0 pair of gloves (worn)
 O - a +1 plate armour of poison resistance (worn) {@f3}
Jewellery
 C - a ring of ice
 I - an amulet of reflection (around neck)
 L - a ring of flight
 M - a ring of willpower (left hand)
 N - a ring of positive energy
 S - a +6 ring of strength (right hand)
Wands
 j - a wand of polymorph (12)
 B - a wand of mindburst (21)
 E - a wand of iceblast (2)
 K - a wand of flame (17)
 U - a wand of paralysis (6)
 V - a wand of acid (2)
Scrolls
 d - 5 scrolls of teleportation {unknown}
 e - a scroll of magic mapping {unknown}
 f - 3 scrolls of blinking {unknown}
 h - 2 scrolls of fear {unknown}
 k - 3 scrolls of amnesia {unknown}
 l - 8 scrolls of identify {unknown}
 p - 3 scrolls of enchant armour {unknown}
 u - 3 scrolls of noise {unknown}
 x - 2 scrolls of immolation {unknown}
 y - 4 scrolls of fog {unknown}
 z - 2 scrolls of enchant weapon {unknown}
 G - a scroll of torment {unknown}
 P - 2 scrolls of silence {unknown}
 T - a scroll of vulnerability {unknown}
Potions
 c - 6 potions of curing {unknown}
 g - a potion of might {unknown}
 i - 3 potions of heal wounds {unknown}
 q - 4 potions of brilliance {unknown}
 r - 4 potions of lignification {unknown}
 s - 3 potions of degeneration {unknown}
 v - 2 potions of ambrosia {unknown}
 w - a potion of invisibility {unknown}
 A - 2 potions of haste {@q3}
 F - a potion of mutation {unknown}
 J - 2 potions of attraction {unknown}
 Q - a potion of cancellation {unknown}

Dungeon Overview and Level Annotations

Branches:
Dungeon (11/15)            Temple (0/1) D:6            Lair (3/6) D:9
  Swamp (0/4) Lair:3          Orc (0/2) D:11
  Snake: Lair:2-4    Spider: Lair:2-4

Altars:
Dithmenos
Elyvilon
Gozag
Hepliaklqana
Kikubaaqudgha
Makhleb
Nemelex Xobeh
Sif Muna
Trog
Uskayaw
Vehumet
Wu Jian
Xom
Yredelemnul
Beogh

Annotations:
D:8 2 transporters, PerfectTommy's ghost, novice MiBe

.. P.? P# .. ###.. ##
#.. #.#.. ..###....
#§§≈♣♣§§§..... ..#
##§≈≈§§§§§..... ...#
#.§§§§§§§§..#<. #...
#.♣§§♣n....... #...
#..≈≈@§§...#>.. ###...
##.....P.##.... #.#.8.
#.#.<..##....####....
######.........# #...
######..P........###...
#...P........#.#.#.....
#..........###........#
##................8..#..
#...............#...#...


You could see a bog body.


Message History

There are monsters nearby!
You enter the shallow water.
Moving in this stuff is going to be slow.
Found a scroll labelled FIYXKUM GEFF.
The bog body barely misses you.
There are monsters nearby!
There are monsters nearby!
You slash the bog body!
The bog body's magic leaks into the air.
You headbutt the bog body!
The bog body is moderately damaged.
The bog body gestures at you while chanting.
The bolt of cold misses you.
You're standing in a cloud of freezing vapour!
You carve the bog body like a ham!!!
You destroy the bog body!
Trog accepts your kill.
Trog appreciates your killing of a magic user.
You are engulfed in freezing vapours.
Your Evocations skill increases to level 2!
A bog body is nearby!
The bog body gestures at you while chanting.
The bolt of cold hits you!!!
You feel a terrible chill!
Ouch! That really hurt!
* * * LOW HITPOINT WARNING * * *
The bog body touches you but does no damage.
You barely miss the bog body.
You are engulfed in freezing vapours.
* * * LOW HITPOINT WARNING * * *
The bog body points at you and mumbles some strange words.
The bolt of cold hits you!
You feel a terrible chill!
You die...

Skill      XL: |  1  2  3  4  5  6  7  8  9 10 11 12 13 |
---------------+----------------------------------------+-----
Axes           | 4 5 6 7 8 10 12 14 16 18 | 18.5
Fighting       | 4 5 6 7 9 10 12 13 | 13.6
Armour         | 3 4 5 6 7 9 10 12 13 | 13.3
Throwing       | 2 |  2.2
Evocations     | 1 2 |  2.0
Dodging        | |  2.1

Action                   |  1- 3 |  4- 6 |  7- 9 | 10-12 | 13-15 || total
-------------------------+-------+-------+-------+-------+-------++-------
Melee: Hand axe          |    59 |    70 |       |       |       ||   129
       Headbutt          |     8 |    13 |    43 |   100 |     4 ||   168
       Punch             |     1 |     1 |       |       |       ||     2
       Battleaxe         |       |    15 |   208 |   395 |       ||   618
       Executioner's axe |       |       |       |    93 |     9 ||   102
Invok: Berserk           |     1 |     2 |     7 |    12 |       ||    22
       Trog's Hand       |       |     1 |     2 |     1 |       ||     4
Armor: Animal skin       |    14 |    15 |       |       |       ||    29
       Plate armour      |       |     9 |   194 |   300 |     5 ||   508
Dodge: Dodged            |    48 |    59 |   122 |   185 |     4 ||   418
Block: Other             |       |       |       |    65 |     1 ||    66
       Reflection        |       |       |       |     3 |       ||     3

Levels and vault maps discovered:
D:1:      lemuel_arrival_hallway, layout_rooms
D:2:      layout_basic, shapermc_ecumenical_altar_starsandcircs, uniq_robin
D:3:      minmay_evil_eye, layout_rooms, grunt_decor_one_mirror
D:4:      layout_basic, nzn_overflow_gifts_of_might_and_magic,
          mainiacjoe_overflow_24_doors, mainiacjoe_overflow_tiny_flanked,
          serial_undead, serial_undead_a, serial_undead_e, serial_undead_b,
          serial_undead_f, serial_undead_a, serial_undead_c, uniq_grinder
D:5:      layout_basic, mainiacjoe_overflow_small_starburst,
          portal_sewer_entry_a, hangedman_feature_mirror
D:6:      layout_rooms, nicolae_overflow_crystal_walls, temple_fountains,
          pf_guarded_unrand_meek
D:7:      layout_basic, mainiacjoe_overflow_alcove_1, uniq_harold
D:8:      layout_basic, vehumet_crystals, nicolae_overflow_hidden_temple,
          lemuel_mausoleum_altar_yredelemnul, overflow_temple_1_default,
          gammafunk_ghost_arena, uniq_grum, uniq_gastronok
D:9:      layout_loops_cross, mainiacjoe_overflow_chevrons,
          grunt_lair_entry_orc_guard_hut, dreamdust_deal_with_the_devil,
          uniq_prince_ribbit1
D:10:     layout_layer_cave, grunt_temple_overflow_champion_of_chaos,
          minmay_misc_feat_pillars, uniq_erolcha, uniq_maggie
D:11:     layout_roguey [special_room_orc], orc_0_dummy, uniq_urug, uniq_snorg
Lair:1:   layout_roguey, hangedman_tree_tricks, grunt_megastairs_2, uniq_fannar
Lair:2:   layout_layer_cave, chequers_serial_rivers_micro_e
Lair:3:   layout_misc_corridors, skrybe_swamp_entry_bodies, grunt_megastairs_4

Notes
Turn   | Place    | Note
-------+----------+-------------------------------------------
     0 | D:1      | browni3141 the Minotaur Berserker began the quest for the
                  | Orb.
     0 | D:1      | Reached XP level 1. HP: 19/19 MP: 0/0
   175 | D:1      | Reached skill level 4 in Axes
   184 | D:1      | Reached XP level 2. HP: 26/27 MP: 1/1
   426 | D:1      | Reached skill level 4 in Fighting
   538 | D:1      | Reached skill level 3 in Armour
   583 | D:1      | Reached XP level 3. HP: 33/33 MP: 2/2
  1188 | D:2      | Noticed Robin
  1197 | D:2      | Killed Robin
  1200 | D:2      | Reached ** piety under Trog
  1204 | D:2      | Reached XP level 4. HP: 36/40 MP: 3/3
  1207 | D:2      | Reached skill level 5 in Axes
  1415 | D:2      | Found a faded altar of an unknown god.
  2149 | D:3      | Reached XP level 5. HP: 13/47 MP: 4/4
  2721 | D:4      | Noticed an orc warrior
  2732 | D:4      | Reached skill level 4 in Armour
  2737 | D:4      | Killed an orc warrior
  2738 | D:4      | Reached skill level 5 in Fighting
  2738 | D:4      | Reached skill level 6 in Axes
  2738 | D:4      | Reached XP level 6. HP: 32/56 MP: 5/5
  2945 | D:4      | Found an ancient bone altar of Kikubaaqudgha.
  3052 | D:4      | Noticed a sky beast
  3055 | D:4      | Killed a sky beast
  3075 | D:4      | Reached skill level 7 in Axes
  3191 | D:4      | Reached skill level 5 in Armour
  3191 | D:4      | Reached XP level 7. HP: 60/62 MP: 6/6
  3196 | D:4      | Reached *** piety under Trog
  3386 | D:4      | Found an ornate altar of the Wu Jian Council.
  3480 | D:4      | Found a bloodstained altar of Trog.
  3480 | D:4      | Noticed Duvessa
  3488 | D:4      | Killed Duvessa
  3489 | D:4      | Reached skill level 6 in Fighting
  3489 | D:4      | Reached skill level 8 in Axes
  3602 | D:4      | Found a shimmering blue altar of Sif Muna.
  3602 | D:4      | Noticed Dowan
  3609 | D:4      | Killed Dowan
  4021 | D:4      | Noticed Grinder
  4022 | D:4      | Paralysed by Grinder for 3 turns
  4036 | D:4      | Killed Grinder
  4037 | D:4      | Reached skill level 6 in Armour
  4037 | D:4      | Reached XP level 8. HP: 71/71 MP: 7/7
  4330 | D:5      | Entered Level 5 of the Dungeon
  4357 | D:5      | Reached skill level 9 in Axes
  4363 | D:5      | Found a hazy altar of Hepliaklqana.
  4372 | D:5      | Reached skill level 7 in Fighting
  4714 | D:4      | HP: 2/73 [yak (12)]
  5079 | D:5      | Found a radiant altar of Vehumet.
  5081 | D:5      | Reached skill level 10 in Axes
  5081 | D:5      | Reached skill level 7 in Armour
  5416 | D:5      | Found a white marble altar of Elyvilon.
  5422 | D:5      | Reached XP level 9. HP: 69/81 MP: 8/8
  5544 | D:6      | Reached skill level 8 in Fighting
  5544 | D:6      | Reached skill level 11 in Axes
  5623 | D:6      | Found an opulent altar of Gozag.
  5764 | D:6      | Reached skill level 8 in Armour
  5846 | D:6      | Found the +7 staff of the Meek {protect, meekguard}
  6019 | D:6      | Found a staircase to the Ecumenical Temple.
  6376 | D:7      | Found a white marble altar of Elyvilon.
  6663 | D:7      | Noticed Harold
  6684 | D:6      | Killed Harold
  6685 | D:6      | Reached skill level 9 in Fighting
  6685 | D:6      | Reached skill level 12 in Axes
  6883 | D:7      | Reached skill level 9 in Armour
  7085 | D:7      | Reached XP level 10. HP: 91/91 MP: 9/9
  7601 | D:7      | Reached skill level 13 in Axes
  7821 | D:8      | Found a sparkling altar of Nemelex Xobeh.
  7835 | D:8      | Noticed Grum
  7845 | D:8      | Killed Grum
  7847 | D:8      | Reached **** piety under Trog
  8038 | D:8      | Found a radiant altar of Vehumet.
  8069 | D:8      | Found a shadowy altar of Dithmenos.
  8228 | D:8      | Found a basalt altar of Yredelemnul.
  8269 | D:8      | Reached skill level 10 in Fighting
  8501 | D:8      | Reached skill level 10 in Armour
  8502 | D:8      | Reached skill level 14 in Axes
  8698 | D:8      | Found a transporter.
  8698 | D:8      | Noticed PerfectTommy's ghost (novice MiBe)
  8702 | D:8      | Noticed a cyclops
  8705 | D:8      | Found a transporter.
  8789 | D:8      | Noticed Gastronok
  8800 | D:8      | Killed Gastronok
  9186 | D:9      | Noticed Prince Ribbit
  9191 | D:9      | Killed Prince Ribbit
  9192 | D:9      | Reached XP level 11. HP: 101/101 MP: 10/10
  9193 | D:9      | Noticed a two-headed ogre
  9200 | D:9      | Killed a two-headed ogre
  9376 | D:9      | Reached skill level 11 in Fighting
  9584 | D:9      | Reached skill level 15 in Axes
  9822 | D:9      | Found a staircase to the Lair.
  9964 | D:9      | Reached ***** piety under Trog
  9980 | D:9      | Found the +8 demon blade "Leech" {vamp, Harm Drain rN+}
 10186 | D:9      | Found a hide-covered altar of Uskayaw.
 10521 | D:10     | Entered Level 10 of the Dungeon
 10551 | D:10     | Noticed Maggie
 10560 | D:10     | Killed Maggie
 10561 | D:10     | Reached skill level 11 in Armour
 10795 | D:10     | Noticed Erolcha
 10806 | D:10     | Killed Erolcha
 11440 | D:10     | Noticed a two-headed ogre
 11447 | D:10     | Killed a two-headed ogre
 11579 | D:10     | Found a shimmering altar of Xom.
 11580 | D:10     | Found a burning altar of Makhleb.
 11701 | D:11     | Noticed a two-headed ogre
 11706 | D:11     | Killed a two-headed ogre
 11707 | D:11     | Reached skill level 16 in Axes
 12085 | D:11     | Noticed a two-headed ogre
 12094 | D:11     | Killed a two-headed ogre
 12095 | D:11     | Reached skill level 12 in Fighting
 12234 | D:11     | Noticed Snorg
 12247 | D:11     | HP: 7/156 [Snorg (15)]
 12249 | D:11     | Killed Snorg
 12716 | D:11     | Noticed Urug
 12729 | D:11     | Killed Urug
 12730 | D:11     | Reached skill level 12 in Armour
 12731 | D:11     | Reached XP level 12. HP: 95/112 MP: 11/11
 13020 | D:11     | Found a staircase to the Orcish Mines.
 13744 | Lair:1   | Entered Level 1 of the Lair of Beasts
 13774 | Lair:1   | Noticed Fannar
 13793 | Lair:1   | Killed Fannar
 13794 | Lair:1   | Reached skill level 17 in Axes
 14117 | Lair:1   | Identified the +7 executioner's axe of Turmoil {antimagic,
                  | rElec rC- rN+ Dex+5} (Trog gifted it to you on level 1 of
                  | the Lair of Beasts)
 14117 | Lair:1   | Received a gift from Trog
 14304 | Lair:1   | You are sucked into a shaft and drop 1 floor!
 14454 | Lair:2   | Reached skill level 13 in Fighting
 14566 | Lair:2   | Reached skill level 13 in Armour
 14569 | Lair:2   | Reached skill level 18 in Axes
 15290 | Lair:2   | Reached skill level 1 in Throwing
 15756 | Lair:3   | Reached skill level 1 in Evocations
 16165 | Lair:3   | Noticed an eight-headed hydra
 16172 | Lair:3   | Killed a ten-headed hydra
 16173 | Lair:3   | Reached skill level 2 in Throwing
 16378 | Lair:3   | Reached XP level 13. HP: 122/122 MP: 4/12
 16439 | Lair:3   | Found a staircase to the Swamp.
 16445 | Lair:3   | Reached skill level 2 in Evocations
 16446 | Lair:3   | HP: 9/122 [bog body] (31)]
 16446 | Lair:3   | Killed from afar by a bog body

Vanquished Creatures
  Gastronok (D:8)
  Snorg (D:11)
  Harold (D:6)
  Fannar (Lair:1)
  Erolcha (D:10)
  A hydra (Lair:3)
  4 two-headed ogres
  Urug (D:11)
  A bog body (Lair:3)
  An orc knight (D:11)
  A manticore (D:11)
  6 elephants (Lair:2)
  7 cane toads
  Maggie (D:10)
  3 komodo dragons
  A kobold demonologist (D:9)
  3 blink frogs (Lair:3)
  Prince Ribbit (D:9)
  Grinder (D:4)
  A wraith (D:8)
  2 wyverns
  Grum (D:8)
  2 basilisks
  27 yaks
  2 steam dragons
  Duvessa (D:4)
  12 water moccasins
  12 orc warriors
  An ice beast (D:5)
  3 sky beasts
  3 necrophages (D:8)
  A hornet zombie (D:8)
  A black bear (D:9)
  8 wolves
  2 ogres (D:11)
  4 centaurs
  A phantom (D:5)
  4 kobold brigands
  4 scorpions
  2 water moccasin zombies
  11 bullfrogs
  2 water moccasin skeletons
  Dowan (D:4)
  6 wights
  A jelly (D:5)
  A howler monkey (D:5)
  6 centaur zombies
  A crimson imp (D:10)
  A human zombie (D:8)
  11 orc priests
  A gnoll shaman (D:7)
  2 bullfrog skeletons
  3 hounds
  2 centaur skeletons (D:5)
  2 iguanas
  3 scorpion zombies (D:4)
  9 orc wizards
  5 hell rats (Lair:2)
  2 killer bee zombies
  2 hound zombies (D:4)
  3 hound skeletons
  Robin (D:2)
  3 howler monkey zombies
  6 gnolls
  8 adders
  A white imp (D:8)
  2 adder skeletons
  2 adder zombies (D:4)
  A worm (D:3)
  3 dart slugs
  54 orcs
  A ball python (D:3)
  An endoplasm (D:3)
  5 giant cockroaches
  16 goblins
  4 hobgoblins
  6 jackals
  16 kobolds
  2 quokkas
  6 bats
  4 frilled lizards
  8 rats
356 creatures vanquished.

Vanquished Creatures (others)
  8 fungi
  4 plants
  A withered plant (D:4)
13 creatures vanquished.

Grand Total: 369 creatures vanquished

Table legend: (Time is in decaauts)
 A = Elapsed time spent in this place.
 B = Non-inter-level travel time spent in this place.
 C = Inter-level travel time spent in this place.
 D = Time resting spent in this place.
 E = Time spent auto-exploring this place.
 F = Levels seen in this place.
 G = Mean time per level.
                   A        B        C        D        E       F      G
               +--------+--------+--------+--------+--------+-----+--------+
         Total |  16686 |  16225 |    461 |   3901 |  10173 |  14 | 1191.9 |
       Dungeon |  13977 |  13550 |    427 |   3719 |   7976 |  11 | 1270.6 |
          Lair |   2708 |   2675 |     33 |    182 |   2197 |   3 |  902.7 |
               +--------+--------+--------+--------+--------+-----+--------+

Top non-repeatable levels by time:
     D:4: 2344 daAuts
    D:10: 1751 daAuts
    D:11: 1515 daAuts
     D:8: 1463 daAuts
  Lair:2: 1446 daAuts
     D:9: 1369 daAuts
     D:7: 1225 daAuts
     D:2: 1029 daAuts
     D:6: 1015 daAuts
     D:3: 855 daAuts
     D:1: 838 daAuts
  Lair:3: 709 daAuts
     D:5: 569 daAuts
  Lair:1: 552 daAuts

Table legend:
 A = Non-vault XP
 B = Vault XP
 C = Vault XP percentage of total XP
 D = Non-vault monster count
 E = Vault monster count
 F = Vault count percentage of total count
                 A         B        C        D         E       F
            +---------+---------+-------+---------+---------+-------
      Total |   26244 |   13343 |  33.7 |     245 |     111 |  31.2
            +---------+---------+-------+---------+---------+-------
        D:1 |      43 |       0 |   0.0 |      22 |       0 |   0.0
        D:2 |      47 |      38 |  44.7 |      11 |      12 |  52.2
        D:3 |      95 |       5 |   5.0 |      17 |       3 |  15.0
        D:4 |     434 |     929 |  68.2 |      15 |      16 |  51.6
        D:5 |    1080 |     200 |  15.6 |      23 |       6 |  20.7
        D:6 |    1108 |    1112 |  50.1 |      18 |      11 |  37.9
        D:7 |    1441 |       0 |   0.0 |      26 |       0 |   0.0
        D:8 |    1381 |    2987 |  68.4 |      20 |      18 |  47.4
        D:9 |    2117 |     994 |  32.0 |      18 |       7 |  28.0
       D:10 |    1825 |    1446 |  44.2 |      13 |       5 |  27.8
       D:11 |    3335 |    3072 |  47.9 |       9 |      25 |  73.5
     Lair:1 |    2252 |     963 |  30.0 |      11 |       2 |  15.4
     Lair:2 |    6866 |       0 |   0.0 |      29 |       0 |   0.0
     Lair:3 |    4220 |    1597 |  27.5 |      13 |       6 |  31.6
            +---------+---------+-------+---------+---------+-------
